 Dungeon Crawl Stone Soup version 0.23-a0-650-ga4d50d4 (webtiles) character file.

2306 gruber the Insei (level 9, -1/67 HPs)
             Began as a Gnoll Transmuter on Jan 5, 2019.
             Was an Initiate of Gozag.
             Killed from afar by an orc wizard (11 damage)
             ... with a puff of flame
             ... on level 9 of the Dungeon.
             The game lasted 00:12:34 (5532 turns).

gruber the Insei (Gnoll Transmuter)                 Turns: 5532, Time: 00:12:35

Health: -1/67      AC:  2    Str: 13    XL:     9   Next: 41%
Magic:  16/18      EV: 28    Int: 18    God:    Gozag
Gold:   140        SH:  0    Dex: 21    Spells: 4/21 levels left

rFire    . . .     SeeInvis .     - Unarmed
rCold    . . .     Gourm    .   (shield currently unavailable)
rNeg     . . .     Faith    .   (armour currently unavailable)
rPois    x         Spirit   .   (helmet currently unavailable)
rElec    .         Reflect  .   (cloak currently unavailable)
rCorr    .         Harm     .   (gloves currently unavailable)
MR       .....                  (boots currently unavailable)
Stlth    +++.......             q - amulet of the acrobat
HPRegen  0.21/turn              w - +2 ring of evasion
MPRegen  0.16/turn              (no ring)

@: spider-form (expiring)
A: tiny, distributed training, strong nose
a: End Transformation, Potion Petition, Call Merchant, Bribe Branch, Renounce
Religion


You were on level 9 of the Dungeon.
You worshipped Gozag.
Gozag was aware of your devotion.
You were not hungry.
You were a venomous arachnid creature.
You visited 2 branches of the dungeon, and saw 9 of its levels.

You collected 395 gold pieces.
You spent 172 gold pieces at shops.
You paid 83 gold pieces to Gozag.

Inventory:

Hand Weapons
 y - the cursed +0 whip "Giant's Curse" {elec, rF+ rC+}
   (You bought it in a shop on level 5 of the Dungeon)

   Occasionally, upon striking a foe, it will discharge some electrical energy
   and cause terrible harm.
   It protects you from fire.
   It protects you from cold.
   It has a curse placed upon it.
Missiles
 a - 149 arrows
Armour
 b - a +0 robe (melded)
 C - a +2 pair of gloves
 D - the cursed +0 pair of gloves "Enentorch" (melded) {rPois}
   (You found it on level 6 of the Dungeon)

   It protects you from poison.
   It has a curse placed upon it.
Jewellery
 q - an amulet of the acrobat (around neck)
 w - a +2 ring of evasion (left front leg)
Wands
 s - a wand of polymorph (6)
 t - a wand of digging (5)
 x - a wand of iceblast (7)
 A - a wand of random effects (18)
Scrolls
 e - 4 scrolls of enchant weapon {unknown}
 g - 3 scrolls of immolation
 i - a scroll of identify
 k - 3 scrolls of teleportation {unknown}
 l - 6 scrolls of remove curse {unknown}
 m - a scroll of fear {unknown}
 o - 2 scrolls of noise {unknown}
 r - a scroll of amnesia {unknown}
 v - a scroll of magic mapping {unknown}
Potions
 c - 2 potions of lignification
 f - 2 potions of might
 h - 2 potions of curing
 j - 3 potions of agility
 n - a potion of brilliance {unknown}
 p - 3 potions of berserk rage {unknown}
 u - a potion of haste
 z - 2 potions of degeneration {unknown}
 B - 2 potions of heal wounds {unknown}
Comestibles
 d - 11 rations


   Skills:
 + Level 4.9 Fighting
 + Level 4.1 Short Blades
 + Level 4.1 Long Blades
 + Level 4.1 Axes
 + Level 4.1 Maces & Flails
 + Level 4.1 Polearms
 + Level 4.1 Staves
 + Level 4.1 Slings
 + Level 4.1 Bows
 + Level 4.1 Crossbows
 + Level 4.1 Throwing
 + Level 4.1 Armour
 + Level 6.2 Dodging
 + Level 4.1 Stealth
 + Level 4.1 Shields
 + Level 7.8 Unarmed Combat
 + Level 6.5 Spellcasting
 + Level 3.4 Conjurations
 + Level 3.4 Hexes
 + Level 3.4 Charms
 + Level 3.4 Summonings
 + Level 3.4 Necromancy
 + Level 3.4 Translocations
 + Level 5.1 Transmutations
 + Level 3.4 Fire Magic
 + Level 3.4 Ice Magic
 + Level 3.4 Air Magic
 + Level 3.4 Earth Magic
 + Level 3.4 Poison Magic
 + Level 4.5 Invocations
 + Level 4.1 Evocations


You had 4 spell levels left.
You knew the following spells:

 Your Spells              Type           Power        Failure   Level  Hunger
a - Beastly Appendage     Tmut           ###...       6%          1    None
b - Sticks to Snakes      Tmut           ###.....     8%          2    None
c - Spider Form           Tmut/Pois      ###.......   17%         3    ##.....
d - Regeneration          Chrm/Necr      ###.......   22%         3    ##.....
e - Ice Form              Ice/Tmut       ###.....     38%         4    ####...
f - Animate Dead          Necr           N/A          50%         4    ####...

Your spell library contained the following spells:

 Spells                   Type           Power        Failure   Level  Hunger
 Animate Skeleton         Necr           N/A          10%         1    None
 Pain                     Necr           ###.         10%         1    None
 Vampiric Draining        Necr           ###.......   22%         3    ##.....
 Blade Hands              Tmut           ###.......   58%         5    #####..


Dungeon Overview and Level Annotations

Branches:
Dungeon (7/15)             Temple (1/1) D:6

Altars:
Ashenzari
Cheibriados
Dithmenos
Elyvilon
Fedhas
Gozag
Hepliaklqana
Kikubaaqudgha
Makhleb
Nemelex Xobeh
Okawaru
Qazlal
Ru
Sif Muna
Trog
Uskayaw
Vehumet
Wu Jian
Yredelemnul
Zin
The Shining One

Shops:
D:5 (


Innate Abilities, Weirdness & Mutations

Your experience applies equally to all skills.
((You have very sharp teeth.))
Your uncanny sense of smell can sniff out nearby items.


Message History

The orc warrior looks as sick as possible!
The orc warrior is lightly wounded.
The orc warrior hits you with a +0 flail!!
* * * LOW HITPOINT WARNING * * *
The orc wizard hits you with a +0 dagger.
* * * LOW HITPOINT WARNING * * *
Unknown command.
You feel better.
Your transformation is almost over.
The orc priest invokes the aid of Beogh against you.
Pain shoots through your body!
* * * LOW HITPOINT WARNING * * *
The orc wizard completely misses you. The orc warrior closely misses you.
Unknown command.
Unknown command.
You feel better.
The orc wizard gestures at you while chanting.
The puff of flame hits you!
You die...
Your body crumbles into a pile of gold.

########+###
#...........
#.......<...
#.........<.
#...........
#...........
#...........
#........$..
#..os$......
#.Ooo.......
###.########
#.. #.. #..
#. #.


You could see an orc warrior, an ogre, an orc priest and an orc wizard.

Vanquished Creatures
  Sigmund (D:4)
  A water moccasin (D:7)
  2 ice beasts
  A necrophage (D:5)
  An ogre (D:4)
  A centaur (D:6)
  5 bullfrogs
  3 scorpions
  4 howler monkeys
  2 crimson imps
  A bullfrog zombie (D:5)
  4 hounds
  A jelly (D:6)
  An orc priest (D:6)
  Natasha (thrice) (D:3)
  4 orc wizards
  6 worker ants
  2 hound skeletons (D:4)
  2 hound zombies
  A howler monkey zombie (D:6)
  11 adders
  4 gnolls
  3 shadow imps
  2 oozes
  3 adder skeletons (D:4)
  A worm (D:2)
  2 dart slugs
  2 leopard geckos (D:4)
  14 orcs
  4 ball pythons
  8 bats
  9 giant cockroaches
  11 goblins
  6 hobgoblins
  19 jackals
  4 quokkas
  3 frilled lizards (D:1)
  6 kobolds
  6 rats
164 creatures vanquished.

Notes
Turn   | Place    | Note
-------+----------+-------------------------------------------
     0 | D:1      | gruber the Gnoll Transmuter began the quest for the Orb.
     0 | D:1      | Reached XP level 1. HP: 17/17 MP: 6/6
   116 | D:1      | Reached XP level 2. HP: 19/23 MP: 7/7
   588 | D:1      | Reached XP level 3. HP: 22/28 MP: 9/9
   592 | D:1      | Learned a level 2 spell: Sticks to Snakes
   596 | D:1      | Learned a level 3 spell: Spider Form
   786 | D:1      | Reached skill level 5 in Spellcasting
   832 | D:1      | Reached skill level 1 in Invocations
  1007 | D:2      | Reached skill level 1 in Short Blades
  1007 | D:2      | Reached skill level 1 in Long Blades
  1007 | D:2      | Reached skill level 1 in Axes
  1007 | D:2      | Reached skill level 1 in Maces & Flails
  1007 | D:2      | Reached skill level 1 in Polearms
  1007 | D:2      | Reached skill level 1 in Staves
  1007 | D:2      | Reached skill level 1 in Slings
  1007 | D:2      | Reached skill level 1 in Bows
  1007 | D:2      | Reached skill level 1 in Crossbows
  1007 | D:2      | Reached skill level 1 in Throwing
  1007 | D:2      | Reached skill level 1 in Armour
  1007 | D:2      | Reached skill level 1 in Stealth
  1007 | D:2      | Reached skill level 1 in Shields
  1007 | D:2      | Reached skill level 1 in Evocations
  1014 | D:2      | Reached XP level 4. HP: 34/34 MP: 3/11
  1155 | D:2      | Reached skill level 1 in Conjurations
  1155 | D:2      | Reached skill level 1 in Hexes
  1155 | D:2      | Reached skill level 1 in Charms
  1155 | D:2      | Reached skill level 1 in Summonings
  1155 | D:2      | Reached skill level 1 in Necromancy
  1155 | D:2      | Reached skill level 1 in Translocations
  1155 | D:2      | Reached skill level 1 in Fire Magic
  1155 | D:2      | Reached skill level 1 in Ice Magic
  1155 | D:2      | Reached skill level 1 in Air Magic
  1155 | D:2      | Reached skill level 1 in Earth Magic
  1155 | D:2      | Reached skill level 1 in Poison Magic
  1547 | D:2      | Reached XP level 5. HP: 40/40 MP: 12/12
  1702 | D:2      | Found a faded altar of an unknown god.
  2202 | D:3      | Noticed Natasha
  2207 | D:3      | Killed Natasha
  2284 | D:3      | Noticed Natasha
  2298 | D:3      | Killed Natasha
  2455 | D:3      | Noticed Natasha
  2492 | D:3      | Killed Natasha
  2492 | D:3      | Reached XP level 6. HP: 47/47 MP: 9/13
  2641 | D:4      | Reached skill level 5 in Dodging
  2677 | D:4      | Reached XP level 7. HP: 36/52 MP: 8/15
  2827 | D:4      | Noticed Sigmund
  2911 | D:4      | Reached skill level 7 in Unarmed Combat
  2983 | D:4      | Killed Sigmund
  3270 | D:5      | Entered Level 5 of the Dungeon
  3331 | D:5      | Got a dazzling chain mail
  3375 | D:5      | Identified the cursed +0 chain mail of Mumblety Peg {rN+
                  | SInv} (You found it on level 5 of the Dungeon)
  3409 | D:5      | Reached XP level 8. HP: 58/60 MP: 12/16
  3603 | D:5      | Found Bihasino's Antique Weapon Shoppe.
  3621 | D:5      | Bought an ivory whip for 172 gold pieces
  3621 | D:5      | Identified the cursed +0 whip "Giant's Curse" {elec, rF+
                  | rC+} (You bought it in a shop on level 5 of the Dungeon)
  4680 | D:6      | Got a pair of heavily runed gloves
  4681 | D:6      | Identified the cursed +0 pair of gloves "Enentorch" {rPois}
                  | (You found it on level 6 of the Dungeon)
  4845 | D:6      | Learned a level 3 spell: Regeneration
  4850 | D:6      | Learned a level 4 spell: Ice Form
  4855 | D:6      | Learned a level 4 spell: Animate Dead
  4950 | D:6      | Found a staircase to the Ecumenical Temple.
  4957 | D:6      | Reached XP level 9. HP: 64/64 MP: 13/18
  4998 | D:6      | Reached skill level 5 in Transmutations
  5258 | Temple   | Entered the Ecumenical Temple
  5333 | Temple   | Became a worshipper of Gozag Ym Sagoz the Greedy
  5515 | D:7      | You fall through a shaft for 2 floors!
  5531 | D:9      | HP: 3/67 [orc priest/nerve-wracking pain (14)]
  5532 | D:9      | Killed from afar by an orc wizard

Vault maps used:
D:1:      dpeg_arrival_tiny_h, minmay_hedge_maze, palyth_stone_intersect,
          minmay_large_rounded_square, minmay_crystal_room,
          chequers_serial_rivers_marsh, minmay_octomino_c4
D:2:      chequers_ecumenical_altar_lobes, hangedman_abyss_or_decor_lesser_grid
D:3:      uniq_natasha
D:4:      uniq_sigmund
D:5:      first_ration, serial_shops, nicolae_shop_stone
D:6:      temple_statues, nicolae_lava_and_water
D:7:      the_bakery, cheibriados_altar_1, uniq_menkaure,
          uniq_crazy_yiuf_cottage
D:9:      minmay_lindwurm_lava
Temple:   grunt_wide_crystal_templ

Skill      XL: |  1  2  3  4  5  6  7  8  9 |
---------------+----------------------------+-----
Spellcasting   | 5 6 |  6.5
Invocations    | 1 2 3 4 |  4.5
Short Blades   | 1 2 3 4 |  4.1
Long Blades    | 1 2 3 4 |  4.1
Axes           | 1 2 3 4 |  4.1
Maces & Flails | 1 2 3 4 |  4.1
Polearms       | 1 2 3 4 |  4.1
Staves         | 1 2 3 4 |  4.1
Slings         | 1 2 3 4 |  4.1
Bows           | 1 2 3 4 |  4.1
Crossbows      | 1 2 3 4 |  4.1
Throwing       | 1 2 3 4 |  4.1
Armour         | 1 2 3 4 |  4.1
Stealth        | 1 2 3 4 |  4.1
Shields        | 1 2 3 4 |  4.1
Evocations     | 1 2 3 4 |  4.1
Conjurations   | 1 2 3 |  3.4
Hexes          | 1 2 3 |  3.4
Charms         | 1 2 3 |  3.4
Summonings     | 1 2 3 |  3.4
Necromancy     | 1 2 3 |  3.4
Translocations | 1 2 3 |  3.4
Fire Magic     | 1 2 3 |  3.4
Ice Magic      | 1 2 3 |  3.4
Air Magic      | 1 2 3 |  3.4
Earth Magic    | 1 2 3 |  3.4
Poison Magic   | 1 2 3 |  3.4
Fighting       | 3 4 |  4.9
Transmutations | 4 5 |  5.1
Dodging        | 5 6 |  6.2
Unarmed Combat | 7 |  7.8

Action                   |  1- 3 |  4- 6 |  7- 9 || total
-------------------------+-------+-------+-------++-------
Melee: Unarmed           |    67 |   148 |   272 ||   487
       Kick              |     5 |     1 |       ||     6
       Bite              |     5 |     1 |     5 ||    11
       Punch             |       |     2 |     3 ||     5
 Cast: Beastly Appendage |    10 |     2 |       ||    12
       Spider Form       |     2 |    18 |    24 ||    44
       Sticks to Snakes  |       |     2 |     3 ||     5
       Ice Form          |       |       |     3 ||     3
  Use: Scroll            |       |       |     9 ||     9
       Potion            |       |       |     3 ||     3
 Stab: Sleeping          |     4 |     6 |     8 ||    18
       Distracted        |       |     1 |     1 ||     2
  Eat: Chunk             |       |     7 |     9 ||    16
       Ration            |       |       |     1 ||     1
Armor: Robe              |     9 |     5 |     4 ||    18
       Skin              |     1 |     4 |    11 ||    16
Dodge: Dodged            |    53 |   107 |   240 ||   400

Table legend:
 A = Non-vault XP
 B = Vault XP
 C = Vault XP percentage of total XP
 D = Non-vault monster count
 E = Vault monster count
 F = Vault count percentage of total count
                 A         B        C        D         E       F
            +---------+---------+-------+---------+---------+-------
      Total |    3026 |     269 |   8.2 |     158 |       6 |   3.7
            +---------+---------+-------+---------+---------+-------
        D:1 |      59 |       6 |   9.2 |      24 |       4 |  14.3
        D:2 |     116 |       0 |   0.0 |      25 |       0 |   0.0
        D:3 |     118 |      36 |  23.4 |      18 |       1 |   5.3
        D:4 |     428 |     227 |  34.7 |      27 |       1 |   3.6
        D:5 |     618 |       0 |   0.0 |      19 |       0 |   0.0
        D:6 |    1018 |       0 |   0.0 |      27 |       0 |   0.0
        D:7 |     519 |       0 |   0.0 |      15 |       0 |   0.0
        D:9 |     150 |       0 |   0.0 |       3 |       0 |   0.0
            +---------+---------+-------+---------+---------+-------
